Unix NetHack Version 3.7.0-86 Work-in-progress - last build May 30 2023 01:50:43 (cc98dc9aa62a9957b082a042edf5bd7ec9f632c7,branch:master). Game began 2023-06-02 13:09:36, ended 2023-06-02 17:18:52. Muad, lawful male human Priest ------------------------ |......................| |..-------------------.| ----.| ----- |.| |..|.-- --...| |.| |.....|--|....| |.| |.....|..|....| |c| --....|......-- |[| |`.Z...%|...| ------|.| |`...|..|.[.| --|.....|u| |....---|...| |.+.....|@| |.......|..-- |-|.... |M| ----....|.-- |.+......u| ---.--.| |-|.....|-- |.....| |.+.....| |>/|..| --|.....| ------- ------- Muad the Adept St:18 Dx:13 Co:12 In:9 Wi:16 Ch:12 Lawful Dlvl:2 $:204 HP:0(56) Pw:52(74) AC:3 Xp:8/1880 T:6360 Latest messages: The yeti misses! The yeti bites! You kill the yeti! You see here a yeti corpse. The horse misses it. The horse misses it. The horse picks up a lizard corpse. The horse misses it. The horse misses it. The werewolf hurls a blessed potion called golden II! The jar crashes on the werejackal's head and breaks into shards. The potion called golden II evaporates. The werejackal falls asleep. The horse misses the werejackal. The horse bites the werejackal. The horse hits the werejackal. The horse bites the werejackal. The horse hits the werejackal. The werejackal is killed! The ghoul eats a werejackal corpse! The horse drops a lizard corpse. You hit the ettin mummy! The ettin mummy hits! The ettin mummy knocks you back with a forceful strike! Ouch! The ettin mummy hits again! The ettin mummy hits! The ettin mummy hits again! The ettin mummy knocks you back with a powerful strike! Ouch! The ettin mummy hits! The ettin mummy hits again! What do you want to write with? [- ahmo-rtxBIMPRVYZ or ?*] ? Never mind. The horse misses it. The horse bites it. It misses the horse. What do you want to write with? [- ahmo-rtxBIMPRVYZ or ?*] ? You burn into the floor with a wand of fire. What do you want to burn into the floor here? Elbereth Flames fly from the wand. The ettin mummy turns to flee. The ettin mummy just misses! The ettin mummy hits! You die... Do you want your possessions identified? [ynq] (y) y Do you want to see your attributes? [ynq] (y) n Do you want an account of creatures vanquished? [ynaq] (y) n Do you want to see your conduct and achievements? [ynq] (y) n Do you want to see the dungeon overview? [ynq] (y) n Inventory: Coins $ - 204 gold pieces Weapons q - 5 +3 darts named +3?! (at the ready) V - a blessed +1 orcish dagger a - a blessed +6 mace (weapon in hand) Armor T - a +0 orcish helm (being worn) S - a +0 small shield (being worn) C - a +0 robe (being worn) A - a +0 studded leather armor (being worn) Comestibles H - 2 respect women w - a candy bar labeled "Berry Bar" b - a candy bar labeled "Nilla Crunchie" e - a clove of garlic G - 2 food rations K - a fortune cookie f - 2 sprigs of wolfsbane F - 2 tripe rations l - 3 eggs c - a lizard corpse n - 2 lizard corpses Rings I - a ring of free action h - a +1 ring of increase damage o - a ring of see invisible M - a ring of stealth Wands Z - a wand of cancellation named fired once (0:2) x - a wand of create monster (0:12) Y - a wand of fire (0:2) P - a wand of striking (0:2) Tools y - a bag of holding containing 10 items m - a magic marker (0:12) Q - a mirror k - a cursed skeleton key Gems/Stones R - 2 worthless pieces of orange glass p - a worthless piece of red glass B - a worthless piece of violet glass r - a worthless piece of yellowish brown glass t - 14 rocks Contents of the bag of holding: 2 scrolls of earth a blessed scroll of identify a scroll of identify a scroll of remove curse a scroll of teleportation a potion of full healing a blessed potion of healing a potion of object detection a potion of holy water a potion of water Muad the Priest's attributes: Background: You were an Adept, a level 8 human Priest. You were lawful, nominally on a mission for Mercury who was opposed by Venus (neutral) and Mars (chaotic). You were in Sokoban, on level 2. You entered the dungeon 6360 turns ago. You had 1880 experience points, 680 more were needed to attain level 9. Basics: You had 0 out of 56 hit points. You had 52 out of 74 energy points (spell power). Your armor class was 3. Your wallet contained 204 zorkmids. Autopickup was on for '$0' plus thrown. Final Characteristics: Your strength was 18 (limit:18/100). Your dexterity was 13 (limit:18). Your constitution was 12 (limit:18). Your intelligence was 9 (limit:18). Your wisdom was 16 (limit:18). Your charisma was 12 (limit:18). Final Status: You were not hungry. You were unencumbered. You were wielding a mace. You were skilled in mace and could have enhanced that. Final Attributes: You were piously aligned. You were guarded. You are dead. Miscellaneous: You never encountered a bones level. Total elapsed playing time was 3 hours, 36 minutes and 24 seconds. Major events: Turn 1: Muad the lawful human Priest entered the dungeon 1337: attained the rank of Acolyte (level 3) 2608: entered Sokoban 3666: attained the rank of Adept (level 6) 3811: completed 2nd Sokoban level 4419: completed 3rd Sokoban level 6271: completed 4th Sokoban level 6360: killed by an ettin mummy Vanquished creatures: 2 giant mimics a small mimic a giant beetle a cockatrice 3 wolves a winter wolf cub 2 lynxes a leprechaun an iron piercer 2 brown puddings a yeti 4 lizards a chickatrice a jaguar 2 dust vortices a raven a snake a wood nymph a mountain nymph 4 rock piercers a rock mole 2 yellow lights 2 violet fungi a gnome leader a paper golem a floating eye a kitten a dwarf 3 homunculi a kobold shaman 12 hill orcs a rothe a giant bat 5 orc zombies a dwarf zombie 3 werejackals 4 iguanas 3 hobgoblins 6 giant rats a brown mold a yellow mold a green mold 2 gnomes a gnome zombie 4 geckos 3 jackals 3 foxes a kobold 2 goblins 4 sewer rats 10 grid bugs 2 lichens 6 newts 123 creatures vanquished. No species were genocided or became extinct. Voluntary challenges: You were an atheist. You read items or engraved 12 times. You engraved Elbereth 2 times. You never genocided any monsters. You never polymorphed an object. You never changed form. You used no wishes. You did not violate any of the special Sokoban rules. Achievements: You entered a shop. You attained the rank of Acolyte. You entered Sokoban. You attained the rank of Adept. The Dungeons of Doom: levels 1 to 6 Level 1: An altar. Level 2: A weapon shop, many fountains, a sink. Level 3: An altar, a grave. Level 4: A general store, a fountain. Level 5: Level 6: A general store. Stairs up to Sokoban, level 5. Sokoban: levels 5 up to 2 Level 2: <- You were here. Solved. Final resting place for you, killed by an ettin mummy. Level 3: Solved. Level 4: Solved. Level 5: Unsolved. Game over: ---------- / \ / REST \ / IN \ / PEACE \ / \ | Muad | | 204 Au | | killed by an | | ettin mummy | | | | | | 2023 | *| * * * | * _________)/\\_//(\/(/\)/\//\/|_)_______ Goodbye Muad the Priest... You died in Sokoban on dungeon level 2 with 7974 points, and 204 pieces of gold, after 6360 moves. You were level 8 with a maximum of 56 hit points when you died.